SAA
LANCASTER FARMERS @ RICHLAND RAILS
07/21/2028
 
TOP OF THE 1ST
Lancaster Farmers batting - Pitching for Richland Rails : RHP Shotaro Sugahara
Pitching: RHP Shotaro Sugahara
Batting: RHB Roberto Camacho 0-0: Called Strike
0-1: Ball
1-1: Reached via error on a dropped throw, E3
Batting: RHB Alejandro Garza 0-0: SINGLE (Line Drive, 6D)
Roberto Camacho to second
Batting: RHB Danijel van Aalten 0-0: Swinging Strike
0-1: Ball
1-1: Ball
2-1: Ball
3-1: Fly out, F9 (Flyball, 9)
Batting: LHB Carlos Germán 0-0: Called Strike
0-1: Ball
1-1: Foul Ball, location: 2F
1-2: Ball
Wild Pitch!
Roberto Camacho to third
Alejandro Garza to second
2-2: Strikes out swinging
Batting: RHB Edgardo Castro 0-0: Foul Ball, location: 2F
0-1: Ball
1-1: Fly out, F8 (Flyball, 8LM)
Top of the 1st over - 0 run(s), 1 hit(s), 1 error(s), 2 left on base; Lancaster 0 - Richland 0
BOTTOM OF THE 1ST
Richland Rails batting - Pitching for Lancaster Farmers : LHP Sergio Zamora
Pitching: LHP Sergio Zamora
Batting: LHB Mike Gillespie 0-0: Foul Ball, location: 2F
0-1: SINGLE (Line Drive, 8LS)
Batting: RHB Alexandre Keeping 0-0: Called Strike
0-1: Fielders Choice at 2nd, 1-6 (Groundball, 13)
Batting: LHB Jérôme Masson 0-0: 2-RUN HOME RUN (Flyball, 9LD), Distance : 335 ft
Batting: RHB Scott Ramsey 0-0: Ball
1-0: Swinging Strike
1-1: Foul Ball, location: 2F
1-2: Ball
2-2: Fly out, F5 (Line Drive, 5)
Batting: SHB Félix Medina 0-0: Swinging Strike
0-1: Fly out, F9 (Flyball, 89S)
Bottom of the 1st over - 2 run(s), 2 hit(s), 0 error(s), 0 left on base; Lancaster 0 - Richland 2
TOP OF THE 2ND
Lancaster Farmers batting - Pitching for Richland Rails : RHP Shotaro Sugahara
Batting: RHB Diego Méndez 0-0: Ball
1-0: Ground out 4-3 (Groundball, 34)
Batting: LHB Gilberto Jiménez 0-0: Called Strike
0-1: Ball
1-1: Called Strike
1-2: Strikes out swinging
Batting: RHB António Gonzáles 0-0: Foul Ball, location: 2F
0-1: Ball
1-1: Called Strike
1-2: Strikes out swinging
Top of the 2nd over - 0 run(s), 0 hit(s), 0 error(s), 0 left on base; Lancaster 0 - Richland 2
BOTTOM OF THE 2ND
Richland Rails batting - Pitching for Lancaster Farmers : LHP Sergio Zamora
Batting: RHB Christian Gentry 0-0: Ball
1-0: Called Strike
1-1: Foul Ball, location: 2F
1-2: Foul Ball, location: 2F
1-2: Fly out, F9 (Flyball, 9LSF)
Batting: RHB Jonah Cooney 0-0: Ball
1-0: Ball
2-0: Ball
3-0: Called Strike
3-1: Foul Ball, location: 2F
3-2: SINGLE (Flyball, 89S)
Batting: SHB Jasper Otto 0-0: Called Strike
0-1: Ball
1-1: Fly out, F8 (Flyball, 8RXD)
Batting: RHB Kazu Hishida 0-0: Ball
1-0: Ball
2-0: Foul Ball, location: 2F
2-1: Foul Ball, location: 2F
2-2: Ball
3-2: Foul Ball, location: 2F
3-2: Base on Balls
Jonah Cooney to second
Batting: LHB Mike Gillespie 0-0: Ball
1-0: Ball
2-0: Swinging Strike
2-1: Ball
3-1: Base on Balls
Jonah Cooney to third
Kazu Hishida to second
Batting: RHB Alexandre Keeping 0-0: Foul Ball, location: 2F
0-1: Ball
1-1: Swinging Strike
1-2: DOUBLE (Line Drive, 7LS)
Jonah Cooney scores
Kazu Hishida scores
Mike Gillespie to third
Runner from 3rd tries for Home, SAFE, no throw
Batting: LHB Jérôme Masson 0-0: Ball
1-0: Called Strike
1-1: Ball
2-1: Fly out, F8 (Flyball, 8RM)
Bottom of the 2nd over - 3 run(s), 2 hit(s), 0 error(s), 1 left on base; Lancaster 0 - Richland 5
TOP OF THE 3RD
Lancaster Farmers batting - Pitching for Richland Rails : RHP Shotaro Sugahara
Batting: LHB Mark Armstead 0-0: Ground out 3-1 (Groundball, 34)
Batting: RHB Roberto Camacho 0-0: Ground out 6-3 (Groundball, 56)
Batting: RHB Alejandro Garza 0-0: Called Strike
0-1: Fly out, F7 (Flyball, 7)
Top of the 3rd over - 0 run(s), 0 hit(s), 0 error(s), 0 left on base; Lancaster 0 - Richland 5
BOTTOM OF THE 3RD
Richland Rails batting - Pitching for Lancaster Farmers : LHP Sergio Zamora
Batting: RHB Scott Ramsey 0-0: Called Strike
0-1: Fly out, F7 (Flyball, 7S)
Batting: SHB Félix Medina 0-0: Ball
1-0: Ball
2-0: Foul Ball, location: 2F
2-1: Called Strike
2-2: Ball
3-2: Foul Ball, location: 2F
3-2: Base on Balls
Batting: RHB Christian Gentry 0-0: Ball
Wild Pitch!
Félix Medina to second
1-0: Ball
2-0: Swinging Strike
2-1: SINGLE (Groundball, 4MD)
Félix Medina to third
Runner from 3rd tries for Home, SAFE, no throw
Batting: RHB Jonah Cooney 0-0: Ball
1-0: Ball
2-0: Called Strike
2-1: Foul Ball, location: 2F
2-2: Ball
3-2: Base on Balls
Christian Gentry to second
Batting: SHB Jasper Otto 0-0: Foul Ball, location: 2F
0-1: Fly out, F4 (Popup, 4)
Batting: RHB Kazu Hishida 0-0: Ball
1-0: Called Strike
1-1: Ball
2-1: Fielders Choice at 2nd, 4-6 (Groundball, 4)
Bottom of the 3rd over - 1 run(s), 1 hit(s), 0 error(s), 1 left on base; Lancaster 0 - Richland 6
TOP OF THE 4TH
Lancaster Farmers batting - Pitching for Richland Rails : RHP Shotaro Sugahara
Batting: RHB Danijel van Aalten 0-0: Called Strike
0-1: Ball
1-1: Foul Ball, location: 2F
1-2: Ball
2-2: Ball
3-2: Fly out, F8 (Flyball, 8LD)
Batting: LHB Carlos Germán 0-0: Foul Ball, location: 2F
0-1: Called Strike
0-2: Ground out 6-3 (Groundball, 6MS)
Batting: RHB Edgardo Castro 0-0: Ground out 6-3 (Groundball, 56)
Top of the 4th over - 0 run(s), 0 hit(s), 0 error(s), 0 left on base; Lancaster 0 - Richland 6
BOTTOM OF THE 4TH
Richland Rails batting - Pitching for Lancaster Farmers : LHP Sergio Zamora
Batting: LHB Mike Gillespie 0-0: Ball
1-0: Reached on error, E5 (Groundball, 5)
Batting: RHB Alexandre Keeping 0-0: Fly out, F7 (Line Drive, 7)
Batting: LHB Jérôme Masson 0-0: Called Strike
0-1: SINGLE (Groundball, 6D)
Mike Gillespie to second
Batting: RHB Scott Ramsey 0-0: Ball
1-0: Ball
2-0: SINGLE (Groundball, 6D)
Mike Gillespie to third
Jérôme Masson to second
Runner from 3rd tries for Home, SAFE, no throw
Pitching: RHP Eric Craft
Batting: SHB Félix Medina 0-0: Called Strike
0-1: SINGLE (Line Drive, 89M)
Jérôme Masson to third
Scott Ramsey to second
Runner from 3rd tries for Home, SAFE, throw made home
Scott Ramsey to third
Félix Medina to second
Batting: RHB Christian Gentry 0-0: Fly out, F7 (Flyball, 78M)
Batting: RHB Jonah Cooney 0-0: Ball
1-0: Foul Ball, location: 2F
1-1: Ball
2-1: Foul Ball, location: 2F
2-2: Ball
3-2: Foul Ball, location: 2F
3-2: Foul Ball, location: 2F
3-2: SINGLE (Groundball, 5D)
Scott Ramsey scores
Félix Medina to third
Félix Medina scores
Batting: SHB Jasper Otto 0-0: SINGLE (Groundball, 6MD)
Jonah Cooney to second
Runner from 2nd tries for 3rd, OUT after rundown.
Bottom of the 4th over - 4 run(s), 5 hit(s), 1 error(s), 1 left on base; Lancaster 0 - Richland 10
TOP OF THE 5TH
Lancaster Farmers batting - Pitching for Richland Rails : RHP Shotaro Sugahara
Batting: RHB Diego Méndez 0-0: Called Strike
0-1: Ball
1-1: Ball
2-1: Ball
3-1: Called Strike
3-2: Foul Ball, location: 2F
3-2: Fly out, F9 (Flyball, 9S)
Batting: LHB Gilberto Jiménez 0-0: Swinging Strike
0-1: Ball
1-1: Ball
2-1: Foul Ball, location: 2F
2-2: Ball
3-2: Foul Ball, location: 2F
3-2: Fly out, F6 (Flyball, 56D)
Batting: RHB António Gonzáles 0-0: Ball
1-0: Ball
2-0: SINGLE (Line Drive, 3D)
Batting: LHB Mark Armstead 0-0: Ball
1-0: Foul Ball, location: 2F
1-1: Swinging Strike
1-2: Fly out, F9 (Flyball, 89M)
Top of the 5th over - 0 run(s), 1 hit(s), 0 error(s), 1 left on base; Lancaster 0 - Richland 10
BOTTOM OF THE 5TH
Richland Rails batting - Pitching for Lancaster Farmers : RHP Eric Craft
Batting: RHB Kazu Hishida 0-0: Called Strike
0-1: Foul Ball, location: 2F
0-2: Foul Ball, location: 2F
0-2: Ball
1-2: Foul Ball, location: 2F
1-2: Ground out 5-3 (Groundball, 56)
Batting: LHB Mike Gillespie 0-0: Foul Ball, location: 2F
0-1: Ball
1-1: Ground out 6-3 (Groundball, 6S)
Batting: RHB Alexandre Keeping 0-0: Swinging Strike
0-1: Called Strike
0-2: Ball
1-2: Ball
2-2: Ball
3-2: Foul Ball, location: 2F
3-2: Foul Ball, location: 2F
3-2: SINGLE (Line Drive, 7S)
Batting: LHB Jérôme Masson 0-0: Ball
Alexandre Keeping steals 2nd base
1-0: Ball
2-0: Fly out, F8 (Flyball, 8RS)
Bottom of the 5th over - 0 run(s), 1 hit(s), 0 error(s), 1 left on base; Lancaster 0 - Richland 10
TOP OF THE 6TH
Lancaster Farmers batting - Pitching for Richland Rails : RHP Shotaro Sugahara
Batting: RHB Roberto Camacho 0-0: Ball
1-0: Ball
2-0: Foul Ball, location: 2F
2-1: Ball
3-1: Called Strike
3-2: Strikes out swinging
Batting: RHB Alejandro Garza 0-0: Foul Ball, location: 2F
0-1: Fly out, F8 (Flyball, 8LD)
Batting: RHB Danijel van Aalten 0-0: Called Strike
0-1: Ball
1-1: Ground out 4-3 (Groundball, 4)
Top of the 6th over - 0 run(s), 0 hit(s), 0 error(s), 0 left on base; Lancaster 0 - Richland 10
BOTTOM OF THE 6TH
Richland Rails batting - Pitching for Lancaster Farmers : RHP Eric Craft
Batting: RHB Scott Ramsey 0-0: Ground out 6-3 (Groundball, 6)
Batting: SHB Félix Medina 0-0: Foul Ball, location: 2F
0-1: Ball
1-1: Ball
2-1: Swinging Strike
2-2: Ball
3-2: Foul Ball, location: 2F
3-2: SINGLE (Groundball, 5S) (infield hit)
Batting: RHB Christian Gentry 0-0: Called Strike
0-1: Ball
1-1: Fielders Choice at 2nd, 6-4 (Groundball, 56)
Batting: RHB Jonah Cooney 0-0: Ball
Christian Gentry steals 2nd base
1-0: Foul Ball, location: 2F
1-1: Ball
2-1: Ball
3-1: Base on Balls
Batting: SHB Jasper Otto 0-0: Ball
1-0: Swinging Strike
1-1: Called Strike
1-2: Fly out, F7 (Line Drive, 7)
Bottom of the 6th over - 0 run(s), 1 hit(s), 0 error(s), 2 left on base; Lancaster 0 - Richland 10
TOP OF THE 7TH
Lancaster Farmers batting - Pitching for Richland Rails : RHP Shotaro Sugahara
Batting: LHB Carlos Germán 0-0: Ball
1-0: Called Strike
1-1: Ball
2-1: Ground out U3 (Groundball, 3)
Batting: RHB Edgardo Castro 0-0: SINGLE (Line Drive, 5D)
Batting: RHB Diego Méndez 0-0: Called Strike
0-1: Ball
1-1: Swinging Strike
1-2: Fly out, F7 (Line Drive, 78M)
Batting: LHB Gilberto Jiménez 0-0: Ball
1-0: Called Strike
1-1: Called Strike
1-2: Foul Ball, location: 2F
1-2: Foul Ball, location: 2F
1-2: Foul Ball, location: 2F
1-2: Fly out, F5 (Popup, 5D)
Top of the 7th over - 0 run(s), 1 hit(s), 0 error(s), 1 left on base; Lancaster 0 - Richland 10
BOTTOM OF THE 7TH
Richland Rails batting - Pitching for Lancaster Farmers : RHP Eric Craft
Batting: RHB Kazu Hishida 0-0: Ball
1-0: Called Strike
1-1: Ball
2-1: Ball
3-1: SINGLE (Line Drive, 89S)
Batting: LHB Mike Gillespie 0-0: Ball
1-0: Fly out, F8 (Flyball, 78S)
Batting: RHB Alexandre Keeping 0-0: Called Strike
0-1: Foul Ball, location: 2F
0-2: Ball
1-2: Ball
2-2: Ball
3-2: Foul Ball, location: 2F
3-2: SINGLE (Groundball, 6MD)
Kazu Hishida to second
Batting: LHB Jérôme Masson 0-0: Ball
1-0: Ball
2-0: Ball
3-0: Base on Balls
Kazu Hishida to third
Alexandre Keeping to second
Batting: RHB Scott Ramsey 0-0: Called Strike
0-1: Fly out, F8 (Flyball, 78XD)
Runner from 3rd tags up, SCORES, no throw
Batting: SHB Félix Medina 0-0: Fly out, F8 (Flyball, 8LM)
Bottom of the 7th over - 1 run(s), 2 hit(s), 0 error(s), 2 left on base; Lancaster 0 - Richland 11
TOP OF THE 8TH
Lancaster Farmers batting - Pitching for Richland Rails : RHP Shotaro Sugahara
Now in RF: Miguel Luna
Batting: RHB António Gonzáles 0-0: Ball
1-0: Ball
2-0: SINGLE (Groundball, 6MD)
Pitching: LHP Matt Crowley
Batting: LHB Mark Armstead 0-0: Fielders Choice at 2nd, 6-4 (Groundball, 6)
Batting: RHB Roberto Camacho 0-0: Called Strike
0-1: Ball
1-1: Swinging Strike
1-2: Ball
2-2: Foul Ball, location: 2F
2-2: Fly out, F8 (Flyball, 78M)
Batting: RHB Alejandro Garza 0-0: Fly out, F9 (Flyball, 9LS)
Top of the 8th over - 0 run(s), 1 hit(s), 0 error(s), 1 left on base; Lancaster 0 - Richland 11
BOTTOM OF THE 8TH
Richland Rails batting - Pitching for Lancaster Farmers : RHP Eric Craft
Batting: RHB Christian Gentry 0-0: Ball
1-0: Swinging Strike
1-1: Ball
2-1: Foul Ball, location: 2F
2-2: Ground out U3 (Groundball, 34S)
Pitching: LHP Enrique Martir
Batting: RHB Jonah Cooney 0-0: Foul Ball, location: 2F
0-1: Swinging Strike
0-2: Ball
1-2: Ball
2-2: Strikes out swinging
Batting: SHB Jasper Otto 0-0: Ground out 5-3 (Groundball, 56)
Bottom of the 8th over - 0 run(s), 0 hit(s), 0 error(s), 0 left on base; Lancaster 0 - Richland 11
TOP OF THE 9TH
Lancaster Farmers batting - Pitching for Richland Rails : LHP Matt Crowley
Batting: RHB Danijel van Aalten 0-0: Fly out, F8 (Flyball, 89M)
Batting: LHB Carlos Germán 0-0: Swinging Strike
0-1: Called Strike
0-2: Ball
1-2: Strikes out swinging
Batting: RHB Edgardo Castro 0-0: Called Strike
0-1: Ball
1-1: Ball
2-1: Ball
3-1: Swinging Strike
3-2: Foul Ball, location: 2F
3-2: Strikes out swinging
Top of the 9th over - 0 run(s), 0 hit(s), 0 error(s), 0 left on base; Lancaster 0 - Richland 11
Thursday, August 17th, 2017 - OOTP Baseball 17.12 Build 75